 Dungeon Crawl Stone Soup version 0.18-a0-1718-g40ea4b6 (webtiles) character file.

129662 incide the Severer (level 16, 0/125 HPs)
             Began as a Demonspawn Gladiator on Apr 8, 2016.
             Was an Initiate of Gozag.
             Slain by incide's illusion (2 damage)
             ... woven by Mara
             ... on level 3 of the Swamp on Apr 9, 2016.
             The game lasted 02:02:48 (23734 turns).

incide the Severer (Demonspawn Gladiator)          Turns: 23734, Time: 02:04:08

Health: 0/125      AC: 36    Str: 30    XL:     16   Next: 51%
Magic:  16/16      EV: 16    Int:  9    God:    Gozag
Gold:   5058       SH: 23    Dex: 14    Spells: 0 memorised, 15 levels left

rFire  + . .     SeeInvis .     a - +5 broad axe (flame)
rCold  + . .     Gourm    .     F - +8 plate armour "Syefusiu" {rPois rC+ Regen+ Stlth-}
rNeg   + + .     Faith    .     U - +2 large shield {rN+}
rPois  +         Spirit   .     (helmet unavailable)
rElec  .         Dismiss  .     o - +0 cloak
rCorr  .         Reflect  +     T - +2 pair of gloves {Str+3}
SustAt .         Harm     .     g - +2 pair of boots {Fly}
MR     +++..                    M - amulet of Interdependent Arising {Reflect MR++ Str+4 SH+2}
Stlth  ..........               m - ring of protection from fire
                                G - +5 ring of evasion

@: flying, extremely resistant to hostile enchantments, extremely unstealthy
A: horns 3, slimy green scales 3, negative energy resistance 1, spiny 2, rot
immunity
a: Potion Petition, Call Merchant, Bribe Branch, Renounce Religion, Stop Flying


You were on level 3 of the Swamp.
You worshipped Gozag.
Gozag was noncommittal.
You were not hungry.

You visited 5 branches of the dungeon, and saw 29 of its levels.
You also visited: Labyrinth, Sewer and Ice Cave.

You collected 10372 gold pieces.
You spent 2922 gold pieces at shops.
You paid 2392 gold pieces to Gozag.

Inventory:

Hand Weapons
 a - a +5 broad axe of flaming (weapon)
Missiles
 d - 6 throwing nets (quivered)
Armour
 g - a +2 pair of boots of flying (worn)
 o - a +0 cloak (worn)
 u - the +2 pair of gloves "Xeub" {+Blink}
   (You bought it in a shop on level 2 of the Orcish Mines)

   It lets you blink.
 F - the +8 plate armour "Syefusiu" (worn) {rPois rC+ Regen+ Stlth-}
   (You bought it in a shop on level 9 of the Dungeon)

   It protects you from cold.
   It protects you from poison.
   It increases your rate of regeneration.
   It makes you less stealthy.
 T - a +2 pair of gloves of strength (worn)
 U - a +2 large shield of positive energy (worn)
Rods
 p - a +7 rod of clouds (10/10)
   (You took it off a minotaur in a labyrinth)
 S - a +1 rod of ignition (13/13)
   (You found it on level 2 of the Lair of Beasts)
Jewellery
 l - an uncursed ring of ice
 m - a ring of protection from fire (right hand)
 A - an uncursed ring of resist corrosion
 G - a +5 ring of evasion (left hand)
 I - a +3 ring of intelligence
 K - an uncursed ring of see invisible
 M - the amulet of Interdependent Arising (around neck) {Reflect MR++ Str+4 SH+2}
   (You bought it in a shop on level 13 of the Dungeon)

   [amulet of reflection]

   It shields you and reflects attacks.
   It affects your strength (+4).
   It affects your resistance to hostile enchantments.
   It affects your SH (+2).
 Q - an uncursed amulet of guardian spirit
Wands
 q - a wand of lightning (7/15)
 s - a wand of lightning (5/15)
 C - a wand of lightning (7/15)
 D - a wand of iceblast (0/15)
 J - a wand of teleportation (3/9)
 N - a wand of slowing (14/48)
 R - a wand of digging (18/24)
 V - a wand of iceblast (9/15)
Scrolls
 c - 2 scrolls of teleportation
 j - 10 scrolls of remove curse
 r - 5 scrolls of recharging
 y - 3 scrolls of magic mapping
 B - 14 scrolls of identify
 E - a scroll of fog
 L - 3 scrolls of blinking
 P - a scroll of fear
Potions
 h - 9 potions of lignification
 i - 3 potions of agility
 t - 3 potions of flight
 v - 4 potions of curing
 w - 4 potions of cure mutation
 x - 2 potions of magic
 z - 4 potions of might
 X - a potion of invisibility
 Y - a potion of haste
Miscellaneous
 e - a phial of floods
 k - a stone of tremors
 H - a plain deck of defence {drawn: 1}
 W - a disc of storms
 Z - a fan of gales
Comestibles
 f - 7 bread rations
 n - 9 meat rations
 O - 30 fruits


   Skills:
 - Level 11.0 Fighting
 + Level 16.0 Axes
 - Level 1.7 Throwing
 - Level 13.2 Armour
 - Level 11.6 Dodging
 - Level 10.7 Shields


You had 15 spell levels left.
You didn't know any spells.

Dungeon Overview and Level Annotations

Branches:
Dungeon (14/15)            Temple (1/1) D:4            Lair (8/8) D:11
  Swamp (4/4) Lair:4       Spider (0/4) Lair:4        Slime (0/6) Lair:8
    Orc (2/2) D:11            Elf (0/3) Orc:2        Vaults (0/5) D:14

Altars:
Ashenzari
Cheibriados
Dithmenos
Elyvilon
Fedhas
Gozag
Kikubaaqudgha
Makhleb
Nemelex Xobeh
Okawaru
Pakellas
Qazlal
Ru
Sif Muna
Trog
Vehumet
Xom
Yredelemnul
Zin
The Shining One

Shops:
D:8 *%[*=   D:9 [   D:11 =(   D:13 [[*=   Orc:2 [(*:   Lair:3 *

Annotations:
Swamp:3 Mara


Innate Abilities, Weirdness & Mutations

You have a pair of large horns on your head.
You are completely covered in slimy green scales (AC +4, rPois).
You resist negative energy.
You are mostly covered in sharp spines.
You are immune to rotting.


Message History

Mara gestures at you. The bolt of fire hits you! You resist.
* * * LOW HITPOINT WARNING * * *
Mara calls, "Stop!
In seven days from now the wheel of empire will appear!"
Mara gestures at you. The bolt of fire hits you! You resist.
* * * LOW HITPOINT WARNING * * *
Drink which item? (? for menu, Esc to quit)
You feel better. Incide's illusion hits you!
* * * LOW HITPOINT WARNING * * *
Incide's illusion burns you.
* * * LOW HITPOINT WARNING * * *
Drink which item? (? for menu, Esc to quit)
You feel better.
Incide's illusion is struck by your spines.
Incide's illusion hits you!
* * * LOW HITPOINT WARNING * * *
Incide's illusion burns you.
You die...
Your body crumbles into a pile of gold.

.≈≈.. ♣♣≈<...♣ ♣.≈≈≈≈≈≈..###.#≈≈
≈≈.♣♣ ♣≈..§♣♣♣ ♣..≈≈≈≈≈.^..$....
≈≈.≈♣♣♣♣♣..♣♣≈♣♣♣.≈≈≈≈≈≈≈.[≈§..≈♣
≈≈...≈♣≈).≈♣..≈♣♣≈≈≈≈R≈≈≈≈≈≈≈≈≈♣≈
≈≈....≈)≈≈≈.≈.♣ ♣.§≈≈≈≈≈≈≈≈≈§.♣♣≈
≈...........≈♣♣♣♣.≈≈§≈≈≈≈R...♣♣♣♣
.PP..≈.P.♣≈≈≈♣♣.≈≈≈§§≈≈≈.≈♣≈♣.≈≈§
.P.≈≈....♣....♣.≈≈≈≈≈§R≈♣♣♣♣≈≈≈≈.
P≈.≈≈≈≈≈P...≈♣♣.@@§≈≈..♣♣ ♣...♣
P.≈≈≈≈≈...≈≈....§≈....§♣ ♣♣♣♣
P≈≈≈≈≈....≈≈..≈≈♣♣♣♣♣♣♣♣
..≈.≈....≈≈♣≈.♣♣.♣
...≈≈≈.P.....≈♣ ..♣
≈..PPP...≈≈♣.....♣♣
.≈≈.n....≈≈♣≈.≈≈♣♣
≈.≈..≈.≈..≈.♣.♣♣♣ ...≈.≈..≈..≈≈.♣


You could see 2 Maras and incide's illusion.

Vanquished Creatures
  An Ice Fiend (IceCv)
  Rupert (D:13)
  Frances (D:13)
  Kirke (Swamp:3)
  2 thorn hunters
  2 orc warlords
  Nessos (Lair:5)
  A deep elf annihilator (D:13)
  A minotaur (Lab)
  Fannar (Orc:1)
  2 fire dragons
  10 hydras
  Harold (Orc:1)
  A yaktaur captain (D:14)
  Erolcha (D:13)
  4 alligators
  2 centaur warriors (D:14)
  6 death yaks
  3 orc high priests (Orc:2)
  The ghost of nubinia the Thaumaturge, a novice DEEE of Sif Muna (IceCv)
  Urug (Orc:1)
  A deep elf knight (D:13)
  A wizard (D:14)
  4 unseen horrors
  A deep elf archer (D:13)
  7 hill giants
  5 orc knights
  A shambling mangrove (Swamp:3)
  2 swamp dragons (Swamp:1)
  Pikel (D:6)
  A wolf spider zombie (D:14)
  A griffon (Lair:4)
  A wolf spider (Lair:8)
  A deep elf mage (D:14)
  13 ugly things
  2 orc sorcerers (Orc:2)
  2 hornets (Lair:8)
  Maurice (D:8)
  3 cyclopes
  2 manticores
  Joseph (D:10)
  7 elephants
  A guardian serpent (Lair:8)
  8 black mambas
  An ice statue (IceCv)
  20 spiny frogs
  2 gargoyles
  8 rime drakes
  2 yaktaurs (D:14)
  4 anaconda simulacra (IceCv)
  2 freezing wraiths (IceCv)
  8 komodo dragons
  An efreet (D:14)
  7 ice devils (IceCv)
  4 trolls
  A golden dragon simulacrum (IceCv)
  3 jumping spiders (Lair:4)
  2 polar bears
  Grinder (D:3)
  7 giant leeches
  3 two-headed ogres
  A hornet zombie (D:14)
  2 bog bodies (Swamp:2)
  A wolf spider simulacrum (IceCv)
  16 slime creatures
  10 blink frogs
  5 redbacks (Lair:4)
  9 wyverns
  A shadow (Swamp:2)
  3 wraiths
  7 hogs (Swamp:3)
  5 spriggans
  62 yaks
  A human (D:7)
  9 hippogriffs
  A death yak simulacrum (IceCv)
  5 basilisks
  2 hungry ghosts
  A steam dragon (Lair:8)
  4 harpy simulacra (IceCv)
  5 vampire mosquitoes
  4 mottled dragons
  5 wargs
  Edmund (D:4)
  3 iron troll simulacra (IceCv)
  A hydra simulacrum (IceCv)
  7 insubstantial wisps
  11 swamp worms
  25 water moccasins
  5 porcupines
  9 swamp drakes
  34 orc warriors
  5 sky beasts
  A slave (D:6)
  6 ice beasts
  13 wasps
  A black bear (D:8)
  An alligator simulacrum (IceCv)
  9 ogres
  3 phantoms
  10 centaurs
  2 ettin simulacra (IceCv)
  The ghost of incide the Chopper, an amateur DsGl (D:3)
  17 wolves
  17 crocodiles
  15 giant frogs
  An earth elemental (Lab)
  2 scorpions
  A water moccasin skeleton (D:9)
  A howler monkey (D:12)
  2 crimson imps
  3 draconian simulacra (IceCv)
  A quasit (D:11)
  5 hounds
  2 jellies (D:14)
  10 orc priests
  9 centaur skeletons
  16 iguanas
  Ijyb (D:2)
  17 orc wizards
  A spriggan simulacrum (IceCv)
  18 worker ants
  Terence (D:3)
  5 troll simulacra (IceCv)
  15 sheep
  2 wolf simulacra (IceCv)
  A centaur simulacrum (IceCv)
  2 hound skeletons
  2 worker ant zombies (D:8)
  15 adders
  3 gnolls (D:5)
  63 river rats
  A naga simulacrum (IceCv)
  2 shadow imps
  15 white imps
  4 ufetubi (IceCv)
  2 adder zombies
  2 adder skeletons
  3 worms
  A dart slug (D:4)
  4 giant geckos
  58 orcs
  6 bats
  3 giant cockroaches
  5 goblins
  6 hobgoblins
  24 jackals
  5 kobolds
  3 quokkas
  3 ball pythons
  A giant gecko skeleton (D:6)
  3 giant newts
  A quokka skeleton (D:3)
  12 rats
  13 fungi
  9 plants
928 creatures vanquished.

Vanquished Creatures (others)
  An elephant (Lair:8)
  2 centaurs (D:14)
  3 ufetubi (IceCv)
  A kobold (D:3)
  A quokka (D:3)
  53 fungi
  25 plants
86 creatures vanquished.

Grand Total: 1014 creatures vanquished

Notes
Turn   | Place    | Note
--------------------------------------------------------------
     0 | D:1      | incide the Demonspawn Gladiator began the quest for the Orb.
     0 | D:1      | Reached XP level 1. HP: 16/16 MP: 1/1
   241 | D:1      | Reached skill level 3 in Axes
   241 | D:1      | Gained mutation: You are partially covered in slimy green scales (AC +2). [demonic ancestry]
   241 | D:1      | Reached XP level 2. HP: 18/22 MP: 2/2
   633 | D:2      | Found a stormy altar of Qazlal.
   636 | D:2      | Found an ancient bone altar of Kikubaaqudgha.
   639 | D:2      | Found a shattered altar of Ashenzari.
   698 | D:2      | Noticed Ijyb
   710 | D:2      | Killed Ijyb
   710 | D:2      | Reached skill level 1 in Armour
   710 | D:2      | Gained mutation: You have a pair of small horns on your head. [demonic ancestry]
   710 | D:2      | Reached XP level 3. HP: 25/27 MP: 3/3
   917 | D:2      | Reached XP level 4. HP: 33/33 MP: 4/4
  1124 | D:3      | Noticed Terence
  1125 | D:3      | Found a radiant altar of Vehumet.
  1126 | D:3      | Noticed Grinder
  1127 | D:3      | Paralysed by Grinder for 3 turns
  1185 | D:3      | Found a faded altar to an unknown god.
  1273 | D:3      | HP: 1/33 [Grinder (5)]
  1278 | D:3      | Paralysed by Grinder for 5 turns
  1284 | D:3      | Paralysed by Grinder for 5 turns
  1294 | D:3      | Killed Grinder
  1294 | D:3      | Gained mutation: You are partially covered in sharp spines. [demonic ancestry]
  1294 | D:3      | Reached XP level 5. HP: 15/38 MP: 5/5
  1364 | D:3      | Killed Terence
  1364 | D:3      | Gained mutation: You have a pair of horns on your head. [demonic ancestry]
  1364 | D:3      | Reached XP level 6. HP: 23/44 MP: 6/6
  1535 | D:3      | Noticed incide's ghost (amateur DsGl)
  1607 | D:3      | Killed incide's ghost
  1607 | D:3      | Reached skill level 5 in Armour
  1706 | D:3      | Found a glowing drain.
  1710 | Sewer    | Entered a sewer
  2546 | D:4      | Noticed Edmund
  2562 | D:4      | Killed Edmund
  2562 | D:4      | Reached skill level 4 in Axes
  2562 | D:4      | Reached XP level 7. HP: 42/50 MP: 7/7
  2811 | D:4      | Found a sacrificial altar of Ru.
  2899 | D:4      | Reached skill level 5 in Axes
  2915 | D:4      | Found a staircase to the Ecumenical Temple.
  2922 | Temple   | Entered the Ecumenical Temple
  2994 | D:5      | Entered Level 5 of the Dungeon
  3137 | D:5      | Reached skill level 6 in Axes
  3197 | D:5      | Gained mutation: You have a pair of large horns on your head. [demonic ancestry]
  3197 | D:5      | Reached XP level 8. HP: 25/56 MP: 8/8
  3416 | D:5      | Reached skill level 7 in Axes
  3479 | D:5      | Got a smoking scale mail
  3493 | D:5      | Identified the cursed +1 scale mail "Wipless" {MP-9 Str+2 Int+9} (You found it on level 5 of the Dungeon)
  4049 | D:6      | Found an opulent altar of Gozag.
  4191 | D:6      | Noticed Pikel
  4218 | D:6      | Killed Pikel
  4218 | D:6      | Reached skill level 9 in Axes
  4564 | D:6      | Became a worshipper of Gozag Ym Sagoz the Greedy
  4891 | D:7      | Gained mutation: You are mostly covered in slimy green scales (AC +3). [demonic ancestry]
  4891 | D:7      | Reached XP level 9. HP: 56/61 MP: 9/9
  5124 | D:7      | Reached skill level 10 in Axes
  5263 | D:7      | Found an iron altar of Okawaru.
  5291 | D:8      | Noticed a cacodemon
  5295 | D:8      | Reached skill level 1 in Shields
  5296 | D:8      | Found a burning altar of Makhleb.
  5300 | D:8      | Found a glowing silver altar of Zin.
  5300 | D:8      | Noticed an angel
  5314 | D:8      | Found Muluf's Jewellery Shoppe.
  5323 | D:8      | Found Zirukhlups's General Store.
  5363 | D:8      | Found Famunwit's Food Boutique.
  5516 | D:8      | Reached skill level 5 in Shields
  5519 | D:8      | Noticed Maurice
  5526 | D:8      | Killed Maurice
  5627 | D:8      | Gained mutation: You are mostly covered in sharp spines. [demonic ancestry]
  5627 | D:8      | Reached XP level 10. HP: 66/67 MP: 10/10
  5691 | D:8      | Found Xedd's Armour Boutique.
  5787 | D:8      | Found Xuptuane's Assorted Antiques.
  5825 | D:9      | Found Lefis's Antique Armour Emporium.
  6237 | D:10     | Entered Level 10 of the Dungeon
  6464 | D:10     | Noticed a hill giant
  6479 | D:10     | Killed a hill giant
  6525 | D:10     | Noticed Joseph
  6537 | D:10     | Killed Joseph
  6769 | D:10     | Noticed a hill giant
  7096 | D:10     | Killed a hill giant
  7096 | D:10     | Reached skill level 10 in Shields
  7270 | D:10     | Reached XP level 11. HP: 20/72 MP: 11/11
  7706 | D:9      | Bought a slimy plate armour for 840 gold pieces
  7717 | D:9      | Identified the +8 plate armour "Syefusiu" {rPois rC+ Regen+ Stlth-} (You bought it in a shop on level 9 of the Dungeon)
  7717 | D:9      | wow
  7875 | D:11     | Noticed an unseen horror
  7880 | D:11     | Killed an unseen horror
  7899 | D:11     | Found a staircase to the Lair.
  8072 | D:11     | Found a staircase to the Orcish Mines.
  8072 | D:11     | Noticed a hill giant
  8093 | D:11     | Killed a hill giant
  8093 | D:11     | Reached skill level 11 in Axes
  8435 | D:11     | Noticed a brown ugly thing
  8448 | D:11     | Killed a brown ugly thing
  8547 | D:11     | Noticed a hill giant
  8558 | D:11     | Killed a hill giant
  8634 | D:11     | Reached skill level 12 in Axes
  8775 | D:11     | Noticed a hill giant
  8801 | D:11     | Killed a hill giant
  9192 | D:8      | Bought a +0 war axe of electrocution for 128 gold pieces
  9259 | Lair:1   | Entered Level 1 of the Lair of Beasts
  9296 | Lair:1   | Found a labyrinth entrance.
  9305 | Lab      | Entered a labyrinth
  9813 | Lab      | Noticed a minotaur
  9843 | Lab      | Killed a minotaur
  9875 | Lab      | Got an uncursed pitted quarterstaff {flame}
  9904 | Lair:1   | Identified the +2 quarterstaff of Hoteu {flame, *Drain Str+3 Int+5} (You found it in a labyrinth)
  9912 | Lair:1   | Identified a +7 rod of clouds (8/10) (You took it off a minotaur in a labyrinth)
 10282 | Lair:2   | Reached skill level 13 in Axes
 10357 | Lair:2   | Gained mutation: You are completely covered in slimy green scales (AC +4, rPois). [demonic ancestry]
 10357 | Lair:2   | Reached XP level 12. HP: 80/80 MP: 12/12
 10608 | Lair:2   | Identified a +1 rod of ignition (13/13) (You found it on level 2 of the Lair of Beasts)
 11098 | Lair:3   | Noticed an eight-headed hydra
 11108 | Lair:3   | Killed a four-headed hydra
 11108 | Lair:3   | Reached skill level 5 in Fighting
 11287 | Lair:3   | Bought a pair of ichor-stained gloves for 266 gold pieces
 11299 | Lair:3   | Identified the +3 pair of gloves of Suffinn {Dex+4} (You bought it in a shop on level 3 of the Lair of Beasts)
 11673 | Lair:4   | Found a staircase to the Swamp.
 11861 | Lair:4   | Found a hole to the Spider Nest.
 12041 | Lair:4   | Reached skill level 10 in Fighting
 12573 | Lair:5   | Noticed Nessos
 12589 | Lair:5   | Killed Nessos
 12787 | Lair:6   | Reached XP level 13. HP: 103/105 MP: 13/13
 14200 | Lair:7   | Reached skill level 10 in Armour
 14319 | Lair:8   | Entered Level 8 of the Lair of Beasts
 14319 | Lair:8   | Found a staircase to the Slime Pits.
 14812 | Lair:8   | Reached XP level 14. HP: 105/113 MP: 11/14
 15708 | Orc:1    | Entered Level 1 of the Orcish Mines
 15708 | Orc:1    | Noticed Harold
 15719 | Orc:1    | Killed Harold
 15822 | Orc:1    | Noticed Fannar
 15838 | Orc:1    | Killed Fannar
 15871 | Orc:1    | Noticed an orc warlord
 15947 | Orc:1    | Noticed Urug
 15958 | Orc:1    | Killed Urug
 16267 | Orc:1    | Killed an orc warlord
 16497 | Orc:2    | Entered Level 2 of the Orcish Mines
 16497 | Orc:2    | Found Ecvetuv's Book Boutique.
 16497 | Orc:2    | Found Ulyviut's General Store.
 16561 | Orc:2    | Found a staircase to the Elven Halls.
 16987 | Orc:2    | Noticed an orc warlord
 16988 | Orc:2    | Paralysed by an orc sorcerer for 6 turns
 17104 | Orc:2    | Found Vesan's Antique Weapon Boutique.
 17118 | Orc:2    | Reached skill level 14 in Axes
 17289 | Orc:2    | Found Sauw Ulo's Antique Armour Emporium.
 17351 | Orc:2    | Bought a pair of scorched gloves for 285 gold pieces
 17361 | Orc:2    | Identified the +2 pair of gloves "Xeub" {+Blink} (You bought it in a shop on level 2 of the Orcish Mines)
 17534 | Orc:2    | Killed an orc warlord
 17791 | D:11     | Bought a +5 ring of evasion for 605 gold pieces
 18564 | D:13     | Noticed Rupert
 18567 | D:13     | Found Vaumm's Armour Emporium.
 18573 | D:13     | Paralysed by Rupert for 4 turns
 18589 | D:13     | Killed Rupert
 18589 | D:13     | Reached skill level 5 in Dodging
 18589 | D:13     | Gained mutation: You resist negative energy. [demonic ancestry]
 18589 | D:13     | Reached XP level 15. HP: 75/118 MP: 9/15
 18605 | D:13     | Bought a +0 pair of boots of flying for 115 gold pieces
 18620 | D:13     | Found Hupune's General Store.
 18729 | D:13     | Noticed Erolcha
 18740 | D:13     | Killed Erolcha
 18764 | D:13     | Found Rale's Armour Shoppe.
 18883 | D:13     | Noticed Frances
 18902 | D:13     | Killed Frances
 18934 | D:13     | Found Uxymach's Jewellery Shop.
 18943 | D:13     | Bought the amulet of Interdependent Arising {Reflect MR++ Str+4 SH+2} for 683 gold pieces
 19684 | D:14     | Found a gate to the Vaults.
 20594 | D:14     | Reached skill level 10 in Dodging
 20888 | Swamp:1  | Entered Level 1 of the Swamp
 20932 | Swamp:1  | Noticed a thorn hunter
 20951 | Swamp:1  | Killed a thorn hunter
 20985 | Swamp:1  | Found a frozen archway.
 21021 | IceCv    | Entered an ice cave
 21021 | IceCv    | Noticed nubinia's ghost (novice DEEE)
 21027 | IceCv    | Killed nubinia's ghost
 21494 | IceCv    | Noticed an Ice Fiend
 21542 | IceCv    | Killed an Ice Fiend
 21713 | IceCv    | Gained mutation: You are immune to rotting. [demonic ancestry]
 21713 | IceCv    | Reached XP level 16. HP: 112/125 MP: 16/16
 22857 | Swamp:2  | Reached skill level 15 in Axes
 23147 | Swamp:3  | Noticed Kirke
 23178 | Swamp:3  | Killed Kirke
 23224 | Swamp:3  | Noticed Mara
 23238 | Swamp:3  | Noticed incide's illusion
 23516 | Swamp:4  | Entered Level 4 of the Swamp
 23572 | Swamp:3  | Noticed a thorn hunter
 23588 | Swamp:3  | Killed a thorn hunter
 23644 | Swamp:3  | Noticed incide's illusion
 23692 | Swamp:3  | Reached skill level 16 in Axes
 23713 | Swamp:3  | Noticed incide's illusion
 23734 | Swamp:3  | HP: 2/125 [incide's illusion[Mara] (17)]
 23734 | Swamp:3  | Slain by incide's illusion

Vault maps used:
D:1:      dpeg_arrival_connections
D:2:      grunt_temple_overflow_diamond, first_bread, uniq_iyjb
D:3:      fiery_altar_vehumet, ecumenical_altar_1, gup_sewer_entry_spiral,
          uniq_terence, uniq_grinder
D:4:      temple_green, minmay_misc_feat_tower, nicolae_ru_path_of_blood,
          uniq_edmund
D:6:      lemuel_upstairs_altar, lemuel_crystal_altar, uniq_pikel
D:7:      kennysheep_mini_moat, grunt_decor_cap, grunt_livestock
D:8:      kennysheep_blocky_room, grunt_temple_overflow_order_and_chaos_2,
          serial_shops, nicolae_shop_behind_doors, shop_statue, kennysheep_mini,
          shop, nicolae_shop_statue_plus, uniq_maurice
D:9:      serial_shops, shop, minmay_large_rounded_square
D:10:     uniq_joseph
D:11:     dpeg_lair_monsters, orc_david_3, hex_medium, serial_park_tiny_2
D:13:     serial_shops, nicolae_shop_window_shopping,
          nicolae_shop_temple_entry_statues_fountains,
          nicolae_shop_temple_entry_statues_fountains, shop, minmay_evil_grid,
          uniq_erolcha, uniq_frances, uniq_rupert
D:14:     david_vaults_2, kennysheep_cross_room, abandoned_shop
Temple:   nicolae_temple_no_exploring_needed
Lair:1:   lab_entry_generic, enter_volcano_2
Lair:3:   st_stairs_6, eino_small_chamber_without_monster
Lair:4:   swamp_mist, nicolae_spider_entry_tight_spaces,
          grunt_forest_large_clearings
Lair:5:   lemuel_old_faithful, uniq_nessos
Lair:6:   dpeg_stationary_puzzle
Lair:7:   beast_lair_carwin_5
Lair:8:   guppyfry_lair_end_dragon, hangedman_lair_tendril_chambers, slime_dummy
Swamp:1:  portal_ice_cave_entry_imps, evilmike_swamp_ruin_house_6
Swamp:2:  evilmike_swamp_ruin_rubble_1, infiniplex_staircase_pool_2
Swamp:3:  hangedman_swamp_ruin_wall, swamp_pool1, nicolae_swamp_fairy_circle,
          uniq_kirke, uniq_mara
Swamp:4:  swamp_fiery, swamp_pool1
Orc:1:    uniq_fannar, uniq_urug, uniq_harold
Orc:2:    grunt_orc_gardens, grunt_orc_garden, grunt_orc_garden,
          grunt_orc_garden, grunt_orc_garden
Lab:      nicolae_lab_diamond, lab_block, nicolae_lab_stuck, labyrinth_glass_1,
          lab_hedge, nicolae_lab_x
Sewer:    sewer_the_crocodile
IceCv:    ice_cave_caverns_03

Skill      XL: |  1  2  3  4  5  6  7  8  9 10 11 12 13 14 15 16 |
---------------+-------------------------------------------------+-----
Axes           | 3 4 6 9 10 13 14 16 | 16.0
Armour         | 1 2 4 5 11 13 | 13.2
Shields        | 6 10 | 10.7
Fighting       | 10 11 | 11.0
Dodging        | 5 11 | 11.6
Throwing       | |  1.7

Action                   |  1- 3 |  4- 6 |  7- 9 | 10-12 | 13-15 | 16-18 || total
-------------------------+-------+-------+-------+-------+-------+-------++-------
Melee: War axe           |   104 |   125 |   222 |   413 |       |       ||   864
       Broad axe         |       |       |       |   272 |  1289 |   331 ||  1892
Throw: Throwing net      |       |     4 |     2 |       |     4 |       ||    10
Invok: Call Merchant     |       |       |       |     1 |     2 |       ||     3
 Abil: Evoke Blink       |       |       |       |       |     1 |       ||     1
       Evoke Flight      |       |       |       |       |       |     1 ||     1
Evoke: Wand              |       |     1 |       |    20 |     4 |     7 ||    32
       Deck              |       |       |       |       |     1 |       ||     1
  Use: Potion            |     2 |     4 |     1 |     6 |     6 |     3 ||    22
       Scroll            |       |     4 |     5 |    13 |    18 |     1 ||    41
 Stab: Held in net/web   |       |       |     2 |       |     1 |       ||     3
       Distracted        |       |       |       |     6 |    12 |       ||    18
       Invisible         |       |       |       |     2 |       |       ||     2
       Confused          |       |       |       |       |     1 |     1 ||     2
  Eat: Chunk             |       |     3 |     1 |       |       |       ||     4
       Meat ration       |       |     1 |       |     1 |       |       ||     2
       Beef jerky        |       |       |     2 |     5 |     5 |       ||    12
       Bread ration      |       |       |     1 |     2 |     3 |     1 ||     7
       Pizza             |       |       |       |     5 |     4 |     1 ||    10
       Royal jelly       |       |       |       |       |     2 |     1 ||     3
